 Dungeon Crawl Stone Soup version 0.29.1-14-g9c671dbff4 (webtiles) character file.

Game seed: 5426851643101908914

130 styxcanada the Covert (level 4, -6/23 HPs)
             Began as a Spriggan Brigand on Feb 13, 2023.
             Killed from afar by a white imp (10 damage)
             ... with a puff of frost
             ... on level 3 of the Dungeon on Feb 14, 2023.
             The game lasted 00:09:54 (2243 turns).

styxcanada the Covert (Spriggan Brigand)            Turns: 2243, Time: 00:09:54

Health: -6/23      AC:  4    Str:  7    XL:     4   Next: 89%
Magic:  5/5        EV: 17    Int: 12    God:
Gold:   102        SH:  0    Dex: 18    Spells: 3/3 levels left

rFire   . . .      SeeInvis +   a - +2 dagger
rCold   . . .      Faith    .   (no shield)
rNeg    . . .      Spirit   .   b - +0 robe
rPois   .          Reflect  .   (helmet restricted)
rElec   .          Harm     .   c - +1 cloak
rCorr   .          Rampage  .   (gloves unavailable)
Will    .....                   (boots unavailable)
Stlth   ++++......              (no amulet)
HPRegen 0.07/turn               (no ring)
MPRegen 0.09/turn               (no ring)

@: very quick
A: very small, no large weapons, unfitting armour, see invisible, speed 3
a: no special abilities


You were on level 3 of the Dungeon.
You visited 1 branch of the dungeon, and saw 3 of its levels.

You collected 102 gold pieces.

Inventory:

Hand Weapons
 a - a +2 dagger (weapon)
Missiles
 d - 15 poisoned darts (quivered)
 e - 3 curare-tipped darts
Armour
 b - a +0 robe (worn)
 c - a +1 cloak (worn)
Magical Staves
 j - a staff of poison
Scrolls
 f - a scroll of teleportation
Potions
 g - a potion of cancellation {unknown}
 h - a potion of ambrosia {unknown}
 i - 2 potions of curing {unknown}
 k - a potion of invisibility {unknown}
 l - a potion of brilliance {unknown}
 m - a potion of might {unknown}
 n - a potion of lignification {unknown}


   Skills:
 * Level 2.0 Fighting
 + Level 3.0 Short Blades
 + Level 2.3 Throwing
 * Level 2.5 Dodging
 * Level 8.0 Stealth


You had 3 spell levels left.
You didn't know any spells.
Your spell library was empty.

Dungeon Overview and Level Annotations

Branches:
Dungeon (3/15)

Altars:


Innate Abilities, Weirdness & Mutations

You are very small and have problems with some larger weapons.
You are too small for most types of armour.
You have supernaturally acute eyesight. (SInv)
You cover ground extremely quickly. (Speed+++)


Message History

Aim: an orc, wielding a +0 club (poisoned, 63% to hit)
You throw a poisoned dart. The poisoned dart hits the orc.
The orc looks even sicker.
You hit the orc.
You kill the orc!
Your Stealth skill increases to level 8!
You see here a +0 club.
d - 9 poisoned darts (gained 1)
A white imp comes into view.
You now have 102 gold pieces (gained 17).
Found 7 gold pieces.
You see here 6 poisoned darts.
d - 15 poisoned darts (gained 6)
You closely miss the white imp.
The white imp shouts, "Crawl home, thou horrid weather-bitten fleecer!"
The white imp misses you.
You closely miss the white imp. The white imp closely misses you.
You hit the white imp but do no damage.
The white imp sputters.
The white imp closely misses you.
You barely miss the white imp. The white imp barely misses you.
You barely miss the white imp. The white imp closely misses you.
You hit the white imp but do no damage. The white imp gestures at you.
The puff of frost hits you!
* * * LOW HITPOINT WARNING * * *
You hit the white imp. Your punch misses the white imp.
The white imp is heavily wounded.
You hit the white imp but do no damage.
The white imp is heavily wounded.
The white imp closely misses you.
You hit the white imp but do no damage.
The white imp is heavily wounded.
The white imp gestures at you. The puff of frost misses you.
You hit the white imp.
The white imp is almost dead.
The white imp gestures at you. The puff of frost hits you!
You die...

...# #.#########
#...)....§######
###.######.......# .<..#
##.####.# ....# ### #.#
#####
....############.##.....
..............##.#...#
....#########..5@....#####
....#########.##.#.......$
.†......................#
...#.#..................#
........................#
#....#####.?#.##........#
#..### #...#.).......#.#
#..######.)...........#
#......##.†.#....#.#....#


You could see a white imp.

Vanquished Creatures
  A hound (D:3)
  3 gnolls (D:3)
  2 dart slugs
  2 orcs (D:3)
  5 endoplasms
  3 giant cockroaches (D:2)
  4 goblins
  7 hobgoblins
  2 jackals (D:2)
  3 quokkas
  7 ball pythons
  2 bats (D:2)
  8 frilled lizards
  10 kobolds
  5 rats
64 creatures vanquished.

Notes
Turn   | Place    | Note
-------+----------+-------------------------------------------
     0 | D:1      | styxcanada the Spriggan Brigand began the quest for the
                  | Orb.
     0 | D:1      | Reached XP level 1. HP: 10/10 MP: 2/2
   132 | D:1      | Reached skill level 6 in Stealth
   452 | D:1      | Reached XP level 2. HP: 15/15 MP: 3/3
   944 | D:2      | Found a faded altar of an unknown god.
   960 | D:2      | Reached XP level 3. HP: 15/18 MP: 4/4
  1171 | D:2      | Reached skill level 7 in Stealth
  1898 | D:3      | Reached XP level 4. HP: 23/23 MP: 5/5
  2220 | D:3      | Reached skill level 8 in Stealth
  2243 | D:3      | Killed from afar by a white imp

Illustrated notes

Levels and vault maps discovered:
D:1:      dpeg_arrival_round_b, layout_basic
D:2:      layout_loops_cross, hellmonk_ecumenical_altar_crossroads,
          minmay_distorted
D:3:      layout_loops_ring

Skill      XL: |  1  2  3  4 |
---------------+-------------+-----
Stealth        | 6 7 8 |  8.0
Dodging        | 2 |  2.5
Fighting       | 2 |  2.0
Short Blades   | 3 |  3.0
Throwing       | |  2.3

Action                   |  1- 3 |  4- 6 || total
-------------------------+-------+-------++-------
Melee: Dagger            |   103 |    46 ||   149
       Punch             |     1 |       ||     1
Throw: Dart              |    28 |     6 ||    34
  Use: Scroll            |     3 |     1 ||     4
 Stab: Sleeping          |    18 |     2 ||    20
Armor: Robe              |     7 |     3 ||    10
Dodge: Dodged            |    53 |    32 ||    85
